 Dungeon Crawl Stone Soup version 0.29-a0-551-gffc1d7fb78 (webtiles) character file.

Game seed: 6569166374664480101

165 bande the Slasher (level 5, -1/37 HPs)
             Began as a Gnoll Wanderer on June 5, 2022.
             Slain by an ice beast (10 damage)
             ... on level 3 of the Dungeon.
             The game lasted 00:02:49 (2740 turns).

bande the Slasher (Gnoll Wanderer)                  Turns: 2740, Time: 00:02:49

Health: -1/37      AC:  4    Str: 12    XL:     5   Next: 46%
Magic:  7/7        EV: 12    Int: 10    God:
Gold:   237        SH:  0    Dex: 14    Spells: 7/7 levels left

rFire   . . .      SeeInvis .   a - +0 trident
rCold   . . .      Faith    .   (no shield)
rNeg    . . .      Spirit   .   f - +0 robe
rPois   .          Reflect  .   (no helmet)
rElec   .          Harm     .   (no cloak)
rCorr   .          Rampage  .   n - +1 pair of gloves
Will    .....                   (no boots)
Stlth   ++........              (no amulet)
HPRegen 0.12/turn               (no ring)
MPRegen 0.10/turn               (no ring)

@: no status effects
A: fangs 1, strong nose, distributed training
a: no special abilities


You were on level 3 of the Dungeon.
You visited 1 branch of the dungeon, and saw 3 of its levels.

You collected 237 gold pieces.

Inventory:

Hand Weapons
 a - a +0 trident (weapon)
 b - a +0 falchion
 d - a +0 dagger
Missiles
 c - 7 boomerangs (quivered)
Armour
 f - a +0 robe (worn)
 n - a +1 pair of gloves (worn)
Scrolls
 e - a scroll of vulnerability
 g - a scroll of immolation {unknown}
 h - a scroll of fog {unknown}
 j - a scroll of teleportation {unknown}
 k - a scroll of fear {unknown}
 l - a scroll of enchant armour {unknown}
 m - a scroll of poison {unknown}
Potions
 i - a potion of cancellation {unknown}


   Skills:
 + Level 1.5 Fighting
 + Level 1.5 Short Blades
 + Level 6.7 Long Blades
 + Level 1.5 Axes
 + Level 1.5 Maces & Flails
 + Level 4.8 Polearms
 + Level 1.5 Staves
 + Level 1.5 Slings
 + Level 1.5 Bows
 + Level 1.5 Crossbows
 + Level 4.8 Throwing
 + Level 4.8 Armour
 + Level 1.5 Dodging
 + Level 2.8 Stealth
 + Level 1.5 Shields
 + Level 1.5 Unarmed Combat
 + Level 1.5 Spellcasting
 + Level 1.2 Conjurations
 + Level 1.2 Hexes
 + Level 1.2 Summonings
 + Level 1.2 Necromancy
 + Level 1.2 Translocations
 + Level 1.2 Transmutations
 + Level 1.2 Fire Magic
 + Level 1.2 Ice Magic
 + Level 1.2 Air Magic
 + Level 1.2 Earth Magic
 + Level 1.2 Poison Magic
 + Level 1.7 Invocations
 + Level 1.5 Evocations


You had 7 spell levels left.
You didn't know any spells.
Your spell library contained the following spells:

 Spells                   Type           Power      Damage    Failure   Level
 Sting                    Tmut/Pois      12%        1d3       21%         1
 Poisonous Vapours        Pois/Air       6%         N/A       30%         2
 Olgreb's Toxic Radiance  Pois           3%         N/A       89%         4
 Dispersal                Tloc           1%         N/A       100%        6
 Disjunction              Tloc           1%         N/A       100%        8


Dungeon Overview and Level Annotations

Branches:
Dungeon (3/15)

Altars:


Innate Abilities, Weirdness & Mutations

You have very sharp teeth.
Your uncanny sense of smell can sniff out nearby items.
Your experience applies equally to all skills.


Message History

There is an open door here.
An ice beast comes into view.
An ice beast is nearby!
You hit the ice beast but do no damage. The ice beast barely misses you.
You closely miss the ice beast.
You bite the ice beast, but do no damage.
The ice beast hits you. The ice beast freezes you.
You hit the ice beast but do no damage. Your bite misses the ice beast.
The ice beast hits you. The ice beast freezes you.
You hit the ice beast but do no damage. The ice beast hits you.
The ice beast freezes you.
* * * LOW HITPOINT WARNING * * *
You hit the ice beast.
You bite the ice beast, but do no damage.
The ice beast is lightly wounded.
The ice beast closely misses you.
You hit the ice beast.
You bite the ice beast, but do no damage.
The ice beast is moderately wounded.
The ice beast barely misses you.
You hit the ice beast but do no damage.
The ice beast is moderately wounded.
The ice beast barely misses you.
You hit the ice beast but do no damage.
You bite the ice beast, but do no damage.
The ice beast is moderately wounded.
The ice beast misses you.
You hit the ice beast but do no damage.
The ice beast is moderately wounded.
The ice beast hits you but does no damage.
You hit the ice beast.
You bite the ice beast, but do no damage.
The ice beast is moderately wounded.
The ice beast hits you but does no damage. x2
You closely miss the ice beast.
The ice beast is moderately wounded.
The ice beast hits you.
* * * LOW HITPOINT WARNING * * *
The ice beast freezes you!
You die...

#######.# #
#######.......#
##.####.....#.#######
.........[.##.#
............††#
.#.......###.#
#####'### ###
#.##########
#...@Y......
.......##########
######.# #.# ..# ...
.... ...


You could see an ice beast.

Vanquished Creatures
  A bullfrog (D:3)
  A hound (D:3)
  3 adders (D:2)
  A dart slug (D:1)
  An orc (D:2)
  4 ball pythons
  4 endoplasms
  A giant cockroach (D:1)
  7 goblins
  2 hobgoblins (D:1)
  4 jackals (D:3)
  5 kobolds
  2 quokkas (D:1)
  A bat (D:2)
  2 frilled lizards
  A rat (D:1)
40 creatures vanquished.

Vanquished Creatures (others)
  3 fungi (D:3)
3 creatures vanquished.

Grand Total: 43 creatures vanquished

Notes
Turn   | Place    | Note
-------+----------+-------------------------------------------
     0 | D:1      | bande the Gnoll Wanderer began the quest for the Orb.
     0 | D:1      | bande set off with the following items: a +0 trident, a +0
                  | falchion, 7 boomerangs, a +0 dagger, a scroll of
                  | vulnerability, a +0 robe
     0 | D:1      | Reached XP level 1. HP: 13/13 MP: 1/1
   164 | D:1      | Reached XP level 2. HP: 15/19 MP: 2/2
   247 | D:1      | Found a faded altar of an unknown god.
  1050 | D:2      | Reached XP level 3. HP: 25/25 MP: 3/3
  1232 | D:2      | Reached skill level 1 in Invocations
  1324 | D:2      | Reached skill level 1 in Fighting
  1324 | D:2      | Reached skill level 1 in Short Blades
  1324 | D:2      | Reached skill level 1 in Axes
  1324 | D:2      | Reached skill level 1 in Maces & Flails
  1324 | D:2      | Reached skill level 1 in Staves
  1324 | D:2      | Reached skill level 1 in Slings
  1324 | D:2      | Reached skill level 1 in Bows
  1324 | D:2      | Reached skill level 1 in Crossbows
  1324 | D:2      | Reached skill level 1 in Dodging
  1324 | D:2      | Reached skill level 1 in Shields
  1324 | D:2      | Reached skill level 1 in Unarmed Combat
  1324 | D:2      | Reached skill level 1 in Spellcasting
  1324 | D:2      | Reached skill level 1 in Evocations
  1605 | D:2      | Reached XP level 4. HP: 14/32 MP: 5/5
  2176 | D:3      | Reached skill level 1 in Conjurations
  2176 | D:3      | Reached skill level 1 in Hexes
  2176 | D:3      | Reached skill level 1 in Summonings
  2176 | D:3      | Reached skill level 1 in Necromancy
  2176 | D:3      | Reached skill level 1 in Translocations
  2176 | D:3      | Reached skill level 1 in Transmutations
  2176 | D:3      | Reached skill level 1 in Fire Magic
  2176 | D:3      | Reached skill level 1 in Ice Magic
  2176 | D:3      | Reached skill level 1 in Air Magic
  2176 | D:3      | Reached skill level 1 in Earth Magic
  2176 | D:3      | Reached skill level 1 in Poison Magic
  2360 | D:3      | Noticed a bullfrog
  2370 | D:3      | Killed a bullfrog
  2371 | D:3      | Reached XP level 5. HP: 19/37 MP: 5/7
  2726 | D:3      | Noticed an ice beast
  2740 | D:3      | Slain by an ice beast

Illustrated notes

Levels and vault maps discovered:
D:1:      minmay_arrival_shoal_huts, layout_basic,
          shapermc_ecumenical_altar_mp_urbaneastern
D:2:      layout_basic
D:3:      layout_basic, vehumet_altar_wand_db, serial_shops,
          nicolae_shop_crystal, uniq_crazy_yiuf_cottage

Skill      XL: |  1  2  3  4 |
---------------+-------------+-----
Invocations    | 1 |  1.7
Fighting       | 1 |  1.5
Short Blades   | 1 |  1.5
Axes           | 1 |  1.5
Maces & Flails | 1 |  1.5
Staves         | 1 |  1.5
Slings         | 1 |  1.5
Bows           | 1 |  1.5
Crossbows      | 1 |  1.5
Dodging        | 1 |  1.5
Shields        | 1 |  1.5
Unarmed Combat | 1 |  1.5
Spellcasting   | 1 |  1.5
Evocations     | 1 |  1.5
Conjurations   | 1 |  1.2
Hexes          | 1 |  1.2
Summonings     | 1 |  1.2
Necromancy     | 1 |  1.2
Translocations | 1 |  1.2
Transmutations | 1 |  1.2
Fire Magic     | 1 |  1.2
Ice Magic      | 1 |  1.2
Air Magic      | 1 |  1.2
Earth Magic    | 1 |  1.2
Poison Magic   | 1 |  1.2
Long Blades    | |  6.7
Polearms       | |  4.8
Throwing       | |  4.8
Armour         | |  4.8
Stealth        | |  2.8

Action                   |  1- 3 |  4- 6 || total
-------------------------+-------+-------++-------
Melee: Trident           |    86 |    49 ||   135
       Bite              |     7 |    11 ||    18
 Stab: Sleeping          |     5 |     1 ||     6
Armor: Robe              |    11 |    13 ||    24
Dodge: Dodged            |    35 |    32 ||    67

Table legend: (Time is in decaauts)
 A = Elapsed time spent in this place.
 B = Non-inter-level travel time spent in this place.
 C = Inter-level travel time spent in this place.
 D = Time resting spent in this place.
 E = Time spent auto-exploring this place.
 F = Levels seen in this place.
 G = Mean time per level.
                   A        B        C        D        E       F      G
               +--------+--------+--------+--------+--------+-----+--------+
         Total |   2749 |   2714 |     35 |    817 |   1561 |   3 |  916.3 |
       Dungeon |   2749 |   2714 |     35 |    817 |   1561 |   3 |  916.3 |
               +--------+--------+--------+--------+--------+-----+--------+

Top non-repeatable levels by time:
     D:2: 1189 daAuts
     D:1: 970 daAuts
     D:3: 589 daAuts
